 Dungeon Crawl Stone Soup version 0.28.0-53-g5a82cb258f (webtiles) character file.

Game seed: 475024416348777428

529 DocClef the Shield-Bearer (level 7, -2/60 HPs)
             Began as a Gnoll Fighter on June 28, 2022.
             Succumbed to a scorpion's poison
             ... on level 5 of the Dungeon.
             The game lasted 00:03:31 (4473 turns).

DocClef the Shield-Bearer (Gnoll Fighter)           Turns: 4473, Time: 00:03:31

Health: -2/60      AC: 10    Str: 17    XL:     7   Next: 24%
Magic:  10/10      EV: 10    Int:  7    God:
Gold:   140        SH:  5    Dex: 12    Spells: 10/10 levels left

rFire   . . .      SeeInvis .   a - +1 flail
rCold   . . .      Faith    .   c - +0 buckler
rNeg    . . .      Spirit   .   b - +1 scale mail
rPois   .          Reflect  .   (no helmet)
rElec   .          Harm     .   l - +0 cloak
rCorr   .          Rampage  .   (no gloves)
Will    .....                   (no boots)
Stlth   +.........              (no amulet)
HPRegen 0.20/turn               i - ring of flight
MPRegen 0.12/turn               (no ring)

@: lethally poisoned (-2 -> -26), flying
A: fangs 1, strong nose, distributed training, screaming 1
a: no special abilities


You were on level 5 of the Dungeon.
You visited 1 branch of the dungeon, and saw 5 of its levels.

You collected 140 gold pieces.

Inventory:

Hand Weapons
 a - a +1 flail (weapon)
Armour
 b - a +1 scale mail (worn)
 c - a +0 buckler (worn)
 l - a +0 cloak (worn)
Jewellery
 g - a ring of wizardry
 i - a ring of flight (left hand)
 p - a ring of wizardry
Wands
 n - a wand of flame (24)
Scrolls
 r - a scroll of enchant weapon
Potions
 d - a potion of might
 e - a potion of mutation
 f - 3 potions of haste
 j - 2 potions of curing {unknown}
 k - a potion of heal wounds {unknown}
 m - a potion of brilliance {unknown}
 o - a potion of resistance {unknown}
 q - 2 potions of invisibility {unknown}


   Skills:
 + Level 7.0 Fighting
 + Level 2.3 Short Blades
 + Level 2.3 Long Blades
 + Level 2.3 Axes
 + Level 5.2 Maces & Flails
 + Level 2.3 Polearms
 + Level 2.3 Staves
 + Level 2.3 Slings
 + Level 2.3 Bows
 + Level 2.3 Crossbows
 + Level 2.3 Throwing
 + Level 7.0 Armour
 + Level 2.3 Dodging
 + Level 2.3 Stealth
 + Level 7.0 Shields
 + Level 2.3 Unarmed Combat
 + Level 2.3 Spellcasting
 + Level 1.9 Conjurations
 + Level 1.9 Hexes
 + Level 1.9 Summonings
 + Level 1.9 Necromancy
 + Level 1.9 Translocations
 + Level 1.9 Transmutations
 + Level 1.9 Fire Magic
 + Level 1.9 Ice Magic
 + Level 1.9 Air Magic
 + Level 1.9 Earth Magic
 + Level 1.9 Poison Magic
 + Level 2.6 Invocations
 + Level 2.3 Evocations


You had 10 spell levels left.
You didn't know any spells.
Your spell library contained the following spells:

 Spells                   Type           Power      Damage    Failure   Level
 Shock                    Conj/Air       12%        1d3       52%         1
 Static Discharge         Conj/Air       3%         N/A       67%         2
 Sublimation of Blood     Necr           3%         N/A       67%         2
 Wereblood                Tmut           3%         N/A       67%         2
 Swiftness                Air            3%         N/A       88%         3
 Airstrike                Air            1%         N/A       99%         4
 Lightning Bolt           Conj/Air       1%         1d12      100%        5
 Summon Hydra             Summ           1%         N/A       100%        7
 Maxwell's Capacitive Co  Air            1%         ∞         100%        8


Dungeon Overview and Level Annotations

Branches:
Dungeon (5/15)
 Temple: D:4-7

Altars:
Zin


Innate Abilities, Weirdness & Mutations

You have very sharp teeth.
Your uncanny sense of smell can sniff out nearby items.
Your experience applies equally to all skills.
You occasionally shout uncontrollably at your foes.


Message History

The scorpion stings you. You block the scorpion's attack.
You barely miss the scorpion. You bite the scorpion.
The scorpion is heavily wounded.
The scorpion closely misses you.
You barely miss the scorpion.
You bite the scorpion, but do no damage.
The scorpion is heavily wounded.
The scorpion stings you but does no damage.
The scorpion stings you!
You are poisoned.
The scorpion poisons you!
You hit the scorpion.
The scorpion is severely wounded.
You feel very sick.
The scorpion stings you but does no damage.
You barely miss the scorpion.
The scorpion is severely wounded.
You feel sick. The scorpion stings you.
You are more poisoned.
The scorpion poisons you! The scorpion barely misses you.
You barely miss the scorpion.
The scorpion is severely wounded.
You feel very sick. The scorpion stings you.
* * * LOW HITPOINT WARNING * * *
You are more poisoned.
The scorpion poisons you!
You sock the scorpion!
You kill the scorpion!
* * * LOW HITPOINT WARNING * * *
You feel extremely sick. The white imp gestures at you.
The puff of frost hits you.
* * * LOW HITPOINT WARNING * * *
Your Fighting skill increases to level 7!
Your Armour skill increases to level 7!
Your Shields skill increases to level 7!
It was a potion of mutation.
You feel extremely strange.
You feel the urge to shout.
You die...

......... #####.# .......
#...... ####.....
#####.###.# .......
#.....# #.# #...# #.#####
#.. #...# #.# ### #...#
#.# #...########.###
#..5†@....##...# ###
##.##...#####.####.# #..
..............####.#####..
.................#........
..............##.#..####..
#####...#####.##.#..# #..
#.........##....# ###
#...#########.### ## #...#
#.# #.


You could see a white imp.

Vanquished Creatures
  A sky beast (D:5)
  A scorpion (D:5)
  A centaur zombie (D:5)
  4 hounds
  Jessica (D:2)
  4 gnolls
  10 adders
  A shadow imp (D:4)
  5 dart slugs
  2 orcs
  6 endoplasms
  3 giant cockroaches
  4 goblins
  6 hobgoblins
  4 jackals (D:3)
  7 kobolds
  A quokka (D:1)
  3 ball pythons
  7 bats
  4 frilled lizards
  3 rats
78 creatures vanquished.

Notes
Turn   | Place    | Note
-------+----------+-------------------------------------------
     0 | D:1      | DocClef the Gnoll Fighter began the quest for the Orb.
     0 | D:1      | Reached XP level 1. HP: 23/23 MP: 1/1
   253 | D:1      | Reached XP level 2. HP: 29/29 MP: 2/2
   387 | D:1      | You fall into a shaft and drop 1 floor!
   452 | D:2      | Reached XP level 3. HP: 34/35 MP: 3/3
   917 | D:1      | Reached skill level 1 in Invocations
  1051 | D:1      | Found a faded altar of an unknown god.
  1231 | D:2      | Noticed Jessica
  1247 | D:2      | Killed Jessica
  1248 | D:2      | Reached skill level 1 in Short Blades
  1248 | D:2      | Reached skill level 1 in Long Blades
  1248 | D:2      | Reached skill level 1 in Axes
  1248 | D:2      | Reached skill level 1 in Polearms
  1248 | D:2      | Reached skill level 1 in Staves
  1248 | D:2      | Reached skill level 1 in Slings
  1248 | D:2      | Reached skill level 1 in Bows
  1248 | D:2      | Reached skill level 1 in Crossbows
  1248 | D:2      | Reached skill level 1 in Throwing
  1248 | D:2      | Reached skill level 1 in Dodging
  1248 | D:2      | Reached skill level 1 in Stealth
  1248 | D:2      | Reached skill level 1 in Unarmed Combat
  1248 | D:2      | Reached skill level 1 in Spellcasting
  1248 | D:2      | Reached skill level 1 in Evocations
  1248 | D:2      | Reached XP level 4. HP: 26/41 MP: 5/5
  1696 | D:2      | Reached skill level 1 in Conjurations
  1696 | D:2      | Reached skill level 1 in Hexes
  1696 | D:2      | Reached skill level 1 in Summonings
  1696 | D:2      | Reached skill level 1 in Necromancy
  1696 | D:2      | Reached skill level 1 in Translocations
  1696 | D:2      | Reached skill level 1 in Transmutations
  1696 | D:2      | Reached skill level 1 in Fire Magic
  1696 | D:2      | Reached skill level 1 in Ice Magic
  1696 | D:2      | Reached skill level 1 in Air Magic
  1696 | D:2      | Reached skill level 1 in Earth Magic
  1696 | D:2      | Reached skill level 1 in Poison Magic
  1960 | D:2      | Reached XP level 5. HP: 47/47 MP: 6/6
  3461 | D:4      | Reached XP level 6. HP: 51/53 MP: 8/8
  3594 | D:4      | Found a glowing silver altar of Zin.
  3828 | D:4      | Noticed an orc warrior
  3837 | D:5      | Entered Level 5 of the Dungeon
  4090 | D:5      | Noticed a sky beast
  4122 | D:5      | Killed a sky beast
  4123 | D:5      | Reached skill level 5 in Maces & Flails
  4427 | D:5      | Reached XP level 7. HP: 58/59 MP: 10/10
  4473 | D:5      | Gained mutation: You occasionally shout uncontrollably at
                  | your foes. [potion of mutation]
  4473 | D:5      | Succumbed to a scorpion's poison

Illustrated notes

Levels and vault maps discovered:
D:1:      mrwooster_arrival_arrow, layout_loops_ring,
          chequers_ecumenical_altar_simple
D:2:      layout_loops_cross, uniq_jessica
D:3:      layout_loops_corners
D:4:      layout_cave_pools, mainiacjoe_overflow_six_doors_small,
          ebering_dispersal_statue_hall, minmay_misc_feat_x,
          kennysheep_generic_room_3
D:5:      layout_loops_cross, gup_sewer_entry_glass, grunt_ministairs_3,
          minmay_misc_feat_encased, chequers_serial_rivers_room_b,
          uniq_blork_the_orc

Skill      XL: |  1  2  3  4  5  6  7 |
---------------+----------------------+-----
Invocations    | 1 2 |  2.6
Short Blades   | 1 2 |  2.3
Long Blades    | 1 2 |  2.3
Axes           | 1 2 |  2.3
Polearms       | 1 2 |  2.3
Staves         | 1 2 |  2.3
Slings         | 1 2 |  2.3
Bows           | 1 2 |  2.3
Crossbows      | 1 2 |  2.3
Throwing       | 1 2 |  2.3
Dodging        | 1 2 |  2.3
Stealth        | 1 2 |  2.3
Unarmed Combat | 1 2 |  2.3
Spellcasting   | 1 2 |  2.3
Evocations     | 1 2 |  2.3
Conjurations   | 1 |  1.9
Hexes          | 1 |  1.9
Summonings     | 1 |  1.9
Necromancy     | 1 |  1.9
Translocations | 1 |  1.9
Transmutations | 1 |  1.9
Fire Magic     | 1 |  1.9
Ice Magic      | 1 |  1.9
Air Magic      | 1 |  1.9
Earth Magic    | 1 |  1.9
Poison Magic   | 1 |  1.9
Maces & Flails | 5 |  5.2
Fighting       | 7 |  7.0
Armour         | 7 |  7.0
Shields        | 7 |  7.0

Action                   |  1- 3 |  4- 6 |  7- 9 || total
-------------------------+-------+-------+-------++-------
Melee: Flail             |    99 |   216 |    28 ||   343
       Bite              |     5 |    18 |     5 ||    28
  Use: Scroll            |       |     8 |       ||     8
       Potion            |       |       |     1 ||     1
Armor: Scale mail        |    50 |   117 |    14 ||   181
Dodge: Dodged            |    39 |   102 |    15 ||   156
Block: Buckler           |    37 |    56 |     4 ||    97
